 Dungeon Crawl Stone Soup version 0.29-a0-334-gb41bcbb86e (webtiles) character file.

Game seed: 8143070586938955722

32 Morbidden the Skirmisher (level 3, 29/29 HPs)
             Began as a Demonspawn Fighter on Apr 14, 2022.
             Quit the game on level 2 of the Dungeon.
             The game lasted 00:00:39 (1284 turns).

Morbidden the Skirmisher (Demonspawn Fighter)       Turns: 1284, Time: 00:00:40

Health: 29/29      AC:  6    Str: 16    XL:     3   Next: 10%
Magic:  3/3        EV:  9    Int: 11    God:
Gold:   45         SH:  4    Dex: 12    Spells: 2/2 levels left

rFire   . . .      SeeInvis .   a - +0 war axe
rCold   . . .      Faith    .   c - +0 buckler
rNeg    . . .      Spirit   .   b - +0 scale mail
rPois   .          Reflect  .   (no helmet)
rElec   .          Harm     .   (no cloak)
rCorr   .          Rampage  .   (no gloves)
Will    .....                   (no boots)
Stlth   ..........              (no amulet)
HPRegen 0.09/turn               (no ring)
MPRegen 0.08/turn               (no ring)

@: no status effects
A: demonic guardian 1, weakness stinger 1
a: no special abilities


You were on level 2 of the Dungeon.
You visited 1 branch of the dungeon, and saw 2 of its levels.

You collected 45 gold pieces.

Inventory:

Hand Weapons
 a - a +0 war axe (weapon)
Missiles
 f - 2 javelins (quivered)
 l - 5 silver javelins
Armour
 b - a +0 scale mail (worn)
 c - a +0 buckler (worn)
Scrolls
 e - a scroll of fear {unknown}
 g - a scroll of summoning {unknown}
 h - a scroll of immolation {unknown}
 i - 2 scrolls of blinking {unknown}
 m - 2 scrolls of identify {unknown}
 o - 3 scrolls of teleportation {unknown}
Potions
 d - a potion of might
 j - a potion of lignification {unknown}
 k - a potion of attraction {unknown}
 n - a potion of haste {unknown}


   Skills:
 * Level 3.5 Fighting
 + Level 2.0 Axes
 + Level 2.9 Armour
 + Level 0.3 Dodging
 + Level 3.0 Shields


You had 2 spell levels left.
You didn't know any spells.
Your spell library contained the following spells:

 Spells                   Type           Power      Damage    Failure   Level
 Sublimation of Blood     Necr           0%         N/A       94%         2
 Wereblood                Tmut           0%         N/A       94%         2
 Passage of Golubria      Tloc           0%         N/A       100%        4
 Silence                  Hex/Air        0%         N/A       100%        5
 Summon Hydra             Summ           0%         N/A       100%        7
 Lehudib's Crystal Spear  Conj/Erth      0%         10d2      100%        8


Dungeon Overview and Level Annotations

Branches:
Dungeon (2/15)

Altars:


Innate Abilities, Weirdness & Mutations

A weak demonic guardian rushes to your aid.
You have a small tail.


Message History

A ball python comes into view.
You see here an adder corpse.
A ball python is nearby!
A ball python is nearby!
The ball python barely misses you. The ball python grabs you.
The ball python constricts you.
A ball python is nearby!
You slash the ball python!
You kill the ball python!
No target in view!
HP restored.
m - 2 scrolls labelled FOSHOLAKOKH (gained 1)
You pick up a book of Blood and begin reading...
You add the spells Sublimation of Blood, Wereblood and Summon Hydra to your library.
No target in view!
As you open the door, it creaks loudly!
A goblin comes into view. It is wielding a +0 dagger.
There is an open door here.
A goblin is nearby!
A goblin is nearby!
The goblin unwields a +0 dagger.
The goblin wields a +0 hunting sling.
The goblin shoots a sling bullet.
The sling bullet hits you.
A goblin is nearby!
The goblin unwields a +0 hunting sling.
The goblin wields a +0 dagger.
The goblin hits you but does no damage.
A goblin is nearby!
You hit the goblin.
The goblin is heavily wounded.
The goblin hits you but does no damage.
A goblin is nearby!
You slash the goblin!
You kill the goblin!
Key pressed, stopping explore.
No target in view!
Things that are here:
a +0 dagger; a +0 hunting sling No target in view!
Key pressed, stopping explore.
No target in view!
Are you sure you want to abandon this character and quit the game? (Confirm with "yes".)

### #.. #.# #.# #@# #.# #.#
#.# #)# ########## #.# ####
#.#........# #.#. #.<#
#.#........# #.#.######.#
#.#........#####'#...#....#


There were no monsters in sight!

Vanquished Creatures
  An adder (D:2)
  3 bats
  5 endoplasms (D:1)
  A giant cockroach (D:1)
  A goblin (D:2)
  3 hobgoblins
  5 ball pythons
  A kobold (D:1)
20 creatures vanquished.

Notes
Turn   | Place    | Note
-------+----------+-------------------------------------------
     0 | D:1      | Morbidden the Demonspawn Fighter began the quest for the
                  | Orb.
     0 | D:1      | Reached XP level 1. HP: 18/18 MP: 1/1
   601 | D:1      | Gained mutation: You have a small tail. [demonic ancestry]
   601 | D:1      | Reached XP level 2. HP: 23/24 MP: 2/2
  1219 | D:2      | Gained mutation: A weak demonic guardian rushes to your
                  | aid. [demonic ancestry]
  1219 | D:2      | Reached XP level 3. HP: 25/29 MP: 3/3
  1284 | D:2      | Quit the game

Illustrated notes

Levels and vault maps discovered:
D:1:      giann_horns, layout_basic
D:2:      layout_basic, shapermc_ecumenical_altar_mp_urbaneastern, basic_altar,
          uniq_jessica, uniq_terence

Skill      XL: |  1  2 |
---------------+-------+-----
Axes           | 2 |  2.0
Shields        | 3 |  3.0
Fighting       | |  3.5
Armour         | |  2.9
Dodging        | |  0.3

Action                   || total
-------------------------++-------
Melee: War axe           ||    58
       Tailslap          ||     2
Armor: Scale mail        ||    31
Dodge: Dodged            ||    25
Block: Buckler           ||     7

Table legend: (Time is in decaauts)
 A = Elapsed time spent in this place.
 B = Non-inter-level travel time spent in this place.
 C = Inter-level travel time spent in this place.
 D = Time resting spent in this place.
 E = Time spent auto-exploring this place.
 F = Levels seen in this place.
 G = Mean time per level.
                   A        B        C        D        E       F      G
               +--------+--------+--------+--------+--------+-----+--------+
         Total |   1309 |   1291 |     18 |      0 |   1121 |   2 |  654.5 |
       Dungeon |   1309 |   1291 |     18 |      0 |   1121 |   2 |  654.5 |
               +--------+--------+--------+--------+--------+-----+--------+

Top non-repeatable levels by time:
     D:1: 1170 daAuts
     D:2: 138 daAuts
